 Dungeon Crawl Stone Soup version 0.30-a0-570-g486de37d69 (webtiles) character file.

Game seed: 12690000903028340378

137 Masnef the Shooter (level 5, -2/39 HPs)
             Began as a Barachi Hunter on Dec 29, 2022.
             Slain by a hobgoblin
             ... wielding a +0 club
              (5 damage)
             ... on level 3 of the Dungeon.
             The game lasted 00:05:34 (2383 turns).

Masnef the Shooter (Barachi Hunter)                 Turns: 2383, Time: 00:05:35

Health: -2/39      AC:  3    Str: 12 (13) XL:     5   Next: 20%
Magic:  5/5        EV: 12    Int:  8 (9)  God:
Gold:   188        SH:  0    Dex: 17      Spells: 4/4 levels left

rFire   . . .      SeeInvis .    a - +0 shortbow
rCold   . . .      Faith    .    (shield currently unavailable)
rNeg    . . .      Spirit   .    c - +0 leather armour
rPois   .          Reflect  .    (no helmet)
rElec   .          Harm     .    (no cloak)
rCorr   .          Rampage  .    (no gloves)
Will    .....                    (no boots)
Stlth   ++                       (no amulet)
HPRegen 0.26/turn                (no ring)
MPRegen 0.09/turn                (no ring)

@: unable to hop, flying, slow
A: amphibious, slowness 1, strong legs 1, +LOS
a: Hop


You were on level 3 of the Dungeon.
You visited 1 branch of the dungeon, and saw 3 of its levels.

You collected 188 gold pieces.

Inventory:

Hand Weapons
 a - a +0 shortbow (weapon)
 k - a +0 falchion
Armour
 c - a +0 leather armour (worn)
Jewellery
 e - an amulet of regeneration
Scrolls
 b - a scroll of immolation
 d - a scroll of teleportation
 i - a scroll of acquirement
 j - 2 scrolls of blinking
 n - a scroll of magic mapping {unknown}
Potions
 g - a potion of curing
 l - a potion of degeneration


   Skills:
 - Level 2.4 Fighting
 + Level 6.3 Ranged Weapons
 - Level 2.1 Dodging
 - Level 0.8 Stealth


You had 4 spell levels left.
You didn't know any spells.
Your spell library contained the following spells:

 Spells                   Type           Power      Damage    Failure   Level
 Call Canine Familiar     Summ           0%         N/A       86%         3
 Portal Projectile        Hex/Tloc       0%         N/A       86%         3
 Leda's Liquefaction      Hex/Erth       0%         N/A       99%         4


Dungeon Overview and Level Annotations

Branches:
Dungeon (3/15)

Altars:
Elyvilon
Qazlal


Innate Abilities, Weirdness & Mutations

You are amphibious.
You cover ground slowly.
You can hop short distances.
You have an extended range of vision and can be seen from far away.


Message History

Okay, then.
The goblin attacks as you move away! The goblin barely misses you.
As you read the scroll labelled YWNIUCO KEXI, it crumbles to dust.
It is a scroll of amnesia.
You feel forgetful for a moment. The goblin hits you but does no damage.
This is a scroll of acquirement!
Okay, then.
You feel very buoyant.
You fly up into the air.
The goblin hits you but does no damage. The hobgoblin barely misses you.
The gnoll barely misses you. The goblin attacks as you move away!
The goblin barely misses you. The hobgoblin hits you with a +0 club.
The hobgoblin attacks as you move away! The hobgoblin closely misses you.
The goblin hits you but does no damage.
A hobgoblin comes into view. It is wielding a +0 club.
The goblin attacks as you move away! The goblin barely misses you.
The goblin attacks as you move away! The goblin barely misses you.
The hobgoblin hits you with a +0 club. The hobgoblin attacks as you move away!
The hobgoblin closely misses you. The goblin attacks as you move away!
The goblin hits you with a +0 club. The goblin attacks as you move away!
The goblin barely misses you. The hobgoblin attacks as you move away!
The hobgoblin misses you. The goblin hits you with a +0 club.
The goblin attacks as you move away! The goblin hits you but does no damage.
The hobgoblin hits you with a +0 club. The goblin attacks as you move away!
The goblin hits you with a +0 club.
* * * LOW HITPOINT WARNING * * *
Hop to where?
Press: ? - help, Dir - move target, p - hobgoblin Boing!
Unknown command.
There is an open door here.
You see here a +0 club.
The hobgoblin hits you with a +0 club.
* * * LOW HITPOINT WARNING * * *
There is a large open door here.
The hobgoblin attacks as you move away! The hobgoblin hits you with a +0 club.
* * * LOW HITPOINT WARNING * * *
The hobgoblin hits you with a +0 club.
You die...

.......# #....# ##.....##
#'####.## #.#### #.###..#
..####..#########.#######.####.##
.................................
......................)..........
~~~~~~~..~~~.~~~~....~~~..~~~)~~~
~~~~~~~~~≈~~~≈≈~~.....~≈≈≈~g~g~≈~
≈≈≈~≈~≈≈≈≈≈≈≈≈≈~~.....)≈≈≈≈≈≈≈≈≈≈
≈≈≈≈~≈≈≈≈≈≈≈≈≈≈~@g..).≈≈≈≈≈†≈≈≈≈≈
##################g'#############
.)......#.......#....#
)).)....)....)..#.g..#
........#########)...#########...
#####.....gg...#g.....#.........)
#....)g..g.g......'...g......
#####.........g#......#..........
..g.....#########....#########...


You could see a hobgoblin and a goblin.

Vanquished Creatures
  An iguana (D:2)
  2 gnolls (D:3)
  3 adders
  A dart slug (D:1)
  7 bats
  2 endoplasms
  A giant cockroach (D:2)
  10 goblins
  14 hobgoblins
  4 quokkas
  6 ball pythons
  6 frilled lizards
  2 kobolds
  4 rats
63 creatures vanquished.

Notes
Turn   | Place    | Note
-------+----------+-------------------------------------------
     0 | D:1      | Masnef the Barachi Hunter began the quest for the Orb.
     0 | D:1      | Reached XP level 1. HP: 17/17 MP: 1/1
    46 | D:1      | Reached XP level 2. HP: 10/23 MP: 2/2
   166 | D:1      | Found a faded altar of an unknown god.
   346 | D:1      | Reached XP level 3. HP: 28/28 MP: 3/3
   679 | D:2      | Reached skill level 5 in Ranged Weapons
  1153 | D:2      | Reached XP level 4. HP: 34/34 MP: 4/4
  2028 | D:3      | Found a stormy altar of Qazlal.
  2028 | D:3      | Found a white marble altar of Elyvilon.
  2119 | D:3      | Reached skill level 6 in Ranged Weapons
  2232 | D:3      | Reached XP level 5. HP: 39/39 MP: 5/5
  2364 | D:3      | Identified a scroll of acquirement
  2383 | D:3      | Slain by a hobgoblin

Illustrated notes

Levels and vault maps discovered:
D:1:      dpeg_arrival_round_a, layout_rooms,
          ebering_ecumenical_altar_sacrificial, minmay_strange_pillars
D:2:      layout_rooms, serial_curves, eino_curves_03, eino_curves_04,
          minivault_25, kennysheep_cluttered_room, kennysheep_nondescript,
          grunt_ministairs_8
D:3:      minmay_goblin_kobold_castle, layout_basic,
          gammafunk_temple_overflow_wave

Skill      XL: |  1  2  3  4 |
---------------+-------------+-----
Ranged Weapons | 5 6 |  6.3
Fighting       | |  2.4
Dodging        | |  2.1
Stealth        | |  0.8

Action                   |  1- 3 |  4- 6 || total
-------------------------+-------+-------++-------
 Fire: Shortbow          |   114 |    85 ||   199
 Abil: Hop               |       |     2 ||     2
  Use: Potion            |     4 |     3 ||     7
       Scroll            |     1 |     3 ||     4
Armor: Leather armour    |    19 |    10 ||    29
Dodge: Dodged            |    43 |    58 ||   101

Table legend: (Time is in decaauts)
 A = Elapsed time spent in this place.
 B = Non-inter-level travel time spent in this place.
 C = Inter-level travel time spent in this place.
 D = Time resting spent in this place.
 E = Time spent auto-exploring this place.
 F = Levels seen in this place.
 G = Mean time per level.
                   A        B        C        D        E       F      G
               +--------+--------+--------+--------+--------+-----+--------+
         Total |   2768 |   2701 |     67 |    147 |   2067 |   3 |  922.7 |
       Dungeon |   2768 |   2701 |     67 |    147 |   2067 |   3 |  922.7 |
               +--------+--------+--------+--------+--------+-----+--------+

Top non-repeatable levels by time:
     D:3: 1188 daAuts
     D:2: 859 daAuts
     D:1: 720 daAuts
